 Dungeon Crawl Stone Soup version 0.29-a0-284-gf9362112df (webtiles) character file.

Game seed: 17630562227361346504

1229 spaghetti the Grappler (level 8, -2/74 HPs)
             Began as a Troll Chaos Knight on Mar 25, 2022.
             Was a Plaything of Xom.
             Slain by an ogre
             ... wielding a +0 giant club
              (33 damage)
             ... on level 5 of the Dungeon.
             The game lasted 00:04:20 (3289 turns).

spaghetti the Grappler (Troll Chaos Knight)         Turns: 3289, Time: 00:04:24

Health: -2/74      AC:  6    Str: 23    XL:     8   Next: 24%
Magic:  7/7        EV:  9    Int:  8    God:    Xom [...*..]
Gold:   291        SH:  0    Dex:  9    Spells: 7/7 levels left

rFire   . . .      SeeInvis .     - Unarmed
rCold   . . .      Faith    .   (no shield)
rNeg    . . .      Spirit   .   a - +2 robe
rPois   .          Reflect  .   (helmet restricted)
rElec   .          Harm     .   (no cloak)
rCorr   .          Rampage  .   (gloves unavailable)
Will    .....                   (boots unavailable)
Stlth   +.........              (no amulet)
HPRegen 1.02/turn               (no ring)
MPRegen 0.10/turn               (no ring)

@: no status effects
A: large, unfitting armour, claws 3, regeneration 1, shaggy fur 1, tough skin 1
a: Renounce Religion


You were on level 5 of the Dungeon.
You worshipped Xom.
You were a favourite toy of Xom.
You visited 1 branch of the dungeon, and saw 5 of its levels.

You collected 291 gold pieces.


Innate Abilities, Weirdness & Mutations

You are too large for most types of armour.
You have claws for hands.
Your natural rate of healing is unusually fast.
You are covered in fur. (AC +1)
You have tough skin. (AC +1)


   Skills:
 - Level 2.4 Fighting
 - Level 1.9 Dodging
 + Level 10.4 Unarmed Combat


You had 7 spell levels left.
You didn't know any spells.
Your spell library contained the following spells:

 Spells                   Type           Power      Damage    Failure   Level
 Ozocubu's Armour         Ice            0%         N/A       78%         3
 Fulminant Prism          Conj/Hex       0%         3d6       99%         4
 Iskenderun's Mystic Bla  Conj/Tloc      0%         2d3       99%         4
 Lee's Rapid Deconstruct  Erth           0%         3d5*      100%        5
 Metabolic Englaciation   Hex/Ice        0%         N/A       100%        5
 Simulacrum               Ice/Necr       0%         N/A       100%        6

Inventory:

Missiles
 f - 175 stones {throwing}
 v - 3 poisoned darts {throwing}
Armour
 a - a +2 robe (worn)
Wands
 m - a wand of flame (15)
   (You found it on level 3 of the Dungeon)
Scrolls
 c - a scroll of teleportation {unknown}
 g - 3 scrolls of identify {unknown}
 h - a scroll of immolation {unknown}
 i - a scroll of amnesia {unknown}
 j - a scroll of brand weapon
 o - a scroll of enchant weapon {unknown}
 r - a scroll of blinking {unknown}
 s - a scroll of holy word {unknown}
 u - a scroll of summoning {unknown}
Potions
 d - 3 potions of mutation {unknown}
 e - a potion of haste {unknown}
 k - a potion of attraction {unknown}
 l - a potion of cancellation {unknown}
 n - a potion of flight {unknown}
 p - 2 potions of brilliance
 q - 2 potions of degeneration {unknown}
 t - 2 potions of might {unknown}
Miscellaneous
 b - a piece from Xom's chessboard (15/15) (quivered)

Dungeon Overview and Level Annotations

Branches:
Dungeon (5/15)
 Temple: D:4-7

Altars:
Ashenzari
Nemelex Xobeh
Qazlal

#####...+._.#...##..
#.......#...#..###..
#.....#.#####..###..
#.....#....#..<.....
#.........##........
#.......###.....#...
#.....###...###.#### #
#.........#.# #.# #..
#..@........###.####
#....####O.b.............
#........O......##.#..###
##..............##.#..#
#....b.........##.#..#
#.....##.......##.#..#
...................#..###
##.....#############....#
###### #..#.#


You could see 2 ogres.


Message History

😕 HP[-5]
You take 5 damage, and now have 61/66 hp.
You closely miss Pikel. Pikel closely misses you. 😕 HP[+1]
You scratch Pikel. You scratch Pikel.
Pikel hits you with a +1 whip of electrocution!
You are too injured to fight recklessly!
You are too injured to fight recklessly! 😕 HP[-7]
You take 7 damage, and now have 55/66 hp.
You are too injured to fight recklessly!
You are too injured to fight recklessly!
You are too injured to fight recklessly!
You are too injured to fight recklessly!
You are too injured to fight recklessly!
You are too injured to fight recklessly!
You are too injured to fight recklessly!
You are too injured to fight recklessly!
You are too injured to fight recklessly!
You are too injured to fight recklessly!
You are too injured to fight recklessly!
You are too injured to fight recklessly!
You are too injured to fight recklessly!
You are too injured to fight recklessly!
You are too injured to fight recklessly!
You are too injured to fight recklessly!
You are too injured to fight recklessly!
You are too injured to fight recklessly!
Unknown command.
You claw Pikel!
Pikel hits you with a +1 whip of electrocution.
The lemure barely misses you. x2 😕 HP[-1]
You take 1 damage, and now have 54/66 hp.
You claw Pikel! Pikel completely misses you. The lemure closely misses you.
The lemure barely misses you. 😕 HP[+1]
You mangle Pikel!!
You kill Pikel!
With Pikel's spell broken, his former minions thank you for their freedom.
The lemure departs this earthly plane. x3
Your Unarmed Combat skill increases to level 10!
You have reached level 8! 😕 HP[+8] MP[+1]
You now have 74 max hp (+8).
You regained 8 hp, and now have 63/74 hp.
Your mp is fully restored (7).
n - a murky black potion
Things that are here:
a +1 whip of electrocution {mace}; a +0 robe 😎 HP[+11]
Your hp is fully restored (74).
You open the door.
u - a scroll labelled XORAEN DIOGE An adder comes into view.
The adder hisses angrily.
An adder is nearby!
You scratch the adder. The adder barely misses you.
You mangle the adder!!
You kill the adder!
No target in view!
No target in view!
No target in view!
No target in view!
No target in view!
No target in view!
No target in view!
No target in view!
No target in view!
No target in view!
v - 3 poisoned darts {throwing} An ogre comes into view.
It is wielding a +0 giant club.
The ogre shouts!
An ogre is nearby!
An ogre is nearby!
An ogre comes into view. It is wielding a +0 giant club.
You claw the ogre! The ogre barely misses you.
You claw the ogre!
The ogre hits you with a +0 giant club!!
A shower of butterflies erupts from you! 😮 HP[-20]
You take 20 damage, and now have 54/74 hp.
MASSIVE DAMAGE!! (PAUSE) 😮 HP[+1]
The ogre attacks as you move away!
The ogre hits you with a +0 giant club! 😮 HP[-11]
You take 11 damage, and now have 44/74 hp.
You claw the ogre! 😮 HP[+1]
You scratch the ogre. The ogre hits you with a +0 giant club!
* * * LOW HITPOINT WARNING * * *
😨 HP[-15]
You take 15 damage, and now have 30/74 hp.
MASSIVE DAMAGE!! (PAUSE) 😨 HP[+1]
The ogre attacks as you move away!
The ogre hits you with a +0 giant club!!
You die...
Xom snickers!

Skill      XL: |  1  2  3  4  5  6  7 |
---------------+----------------------+-----
Unarmed Combat | 4 5 6 8 10 | 10.4
Fighting       | |  2.4
Dodging        | |  1.9

Action                   |  1- 3 |  4- 6 |  7- 9 || total
-------------------------+-------+-------+-------++-------
Melee: Unarmed           |   101 |    96 |    48 ||   245
       Punch             |     2 |     6 |       ||     8
  Use: Scroll            |     1 |     1 |       ||     2
       Potion            |     2 |     1 |     1 ||     4
Armor: Robe              |    61 |    34 |     8 ||   103
Dodge: Dodged            |    50 |    30 |    18 ||    98

Levels and vault maps discovered:
D:1:      ncdulo_halloftheorcs, layout_loops_ring, minmay_pentomino_s4
D:2:      layout_basic, hangedman_abyss_or_decor_stabs, chequers_jeans
D:3:      layout_rooms, shapermc_ecumenical_altar_gd,
          chequers_serial_rivers_micro_b, minmay_strange_pillars
D:4:      layout_basic, nemelex_xobeh_ov_fountains_minmay, nrook_mini_vaults
D:5:      nicolae_cairo_tiling_large, layout_basic, general_overflow_altar,
          nicolae_ashenzari_skybound, uniq_pikel, uniq_menkaure

Notes
Turn   | Place    | Note
-------+----------+-------------------------------------------
     0 | D:1      | spaghetti the Troll Chaos Knight began the quest for the
                  | Orb.
     0 | D:1      | Reached XP level 1. HP: 22/22 MP: 0/0
     0 | D:1      | magus.rc [v1.9.6]
    63 | D:1      | XOM: divination: detect creatures
   153 | D:1      | Reached XP level 2. HP: 29/29 MP: 1/1
   263 | D:1      | Reached skill level 4 in Unarmed Combat
   696 | D:2      | Reached XP level 3. HP: 35/36 MP: 2/2
   965 | D:2      | XOM: polymorph kobold -> hobgoblin
  1291 | D:3      | Found a faded altar of an unknown god.
  1316 | D:3      | Reached skill level 5 in Unarmed Combat
  1316 | D:3      | Reached XP level 4. HP: 44/44 MP: 3/3
  1428 | D:3      | You pick up a book of Blasting and begin reading...
  1428 | D:3      | You add the spells Fulminant Prism, Iskenderun's Mystic
                  | Blast and Lee's Rapid Deconstruction to your library.
  1909 | D:4      | Reached XP level 5. HP: 50/50 MP: 4/4
  2002 | D:4      | XOM: scenery: 2 doors open
  2004 | D:4      | Reached skill level 6 in Unarmed Combat
  2100 | D:4      | Noticed an ogre
  2108 | D:4      | Killed an ogre
  2109 | D:4      | Reached XP level 6. HP: 52/59 MP: 5/5
  2210 | D:4      | XOM: cloud trail
  2220 | D:4      | Reached skill level 7 in Unarmed Combat
  2365 | D:4      | Found a sparkling altar of Nemelex Xobeh.
  2438 | D:4      | You pick up a book of Winter and begin reading...
  2438 | D:4      | You add the spells Ozocubu's Armour, Metabolic Englaciation
                  | and Simulacrum to your library.
  2641 | D:5      | Entered Level 5 of the Dungeon
  2736 | D:5      | Noticed a sky beast
  2736 | D:5      | XOM: 1-stop teleportation journey
  2743 | D:5      | Killed a sky beast
  2761 | D:5      | Found a broken altar of Ashenzari.
  2818 | D:5      | Reached skill level 8 in Unarmed Combat
  2850 | D:5      | Found a stormy altar of Qazlal.
  2921 | D:5      | Reached XP level 7. HP: 63/66 MP: 6/6
  3102 | D:5      | Noticed Menkaure
  3105 | D:5      | XOM: smoke on damage
  3107 | D:5      | Killed Menkaure
  3108 | D:5      | Reached skill level 9 in Unarmed Combat
  3128 | D:5      | XOM: scenery: 1 doors close
  3195 | D:5      | Noticed Pikel
  3208 | D:5      | Killed Pikel
  3209 | D:5      | Reached skill level 10 in Unarmed Combat
  3209 | D:5      | Reached XP level 8. HP: 63/74 MP: 7/7
  3283 | D:5      | XOM: butterfly on damage
  3289 | D:5      | Slain by an ogre

Vanquished Creatures
  Pikel (D:5)
  Menkaure (D:5)
  A sky beast (D:5)
  An ogre (D:4)
  A lemure (D:5)
  A phantom (D:5)
  A scorpion (D:5)
  A hound (D:4)
  2 orc priests
  3 orc wizards
  An iguana (D:3)
  6 adders
  A shadow imp (D:5)
  An ufetubus (D:5)
  3 worms
  3 dart slugs
  10 orcs
  5 ball pythons
  7 bats
  6 endoplasms
  3 giant cockroaches
  5 hobgoblins
  5 quokkas
  3 frilled lizards
  7 goblins
  8 kobolds
  3 rats (D:1)
90 creatures vanquished.

Vanquished Creatures (collateral kills)
  An orc (D:4)
1 creature vanquished.

Vanquished Creatures (others)
  6 demonic plants (D:3)
  4 withered plants (D:3)
10 creatures vanquished.

Grand Total: 101 creatures vanquished

Table legend:
 A = Non-vault XP
 B = Vault XP
 C = Vault XP percentage of total XP
 D = Non-vault monster count
 E = Vault monster count
 F = Vault count percentage of total count
                 A         B        C        D         E       F
            +---------+---------+-------+---------+---------+-------
      Total |     941 |     816 |  46.4 |      86 |       4 |   4.4
            +---------+---------+-------+---------+---------+-------
        D:1 |      33 |       3 |   8.3 |      19 |       2 |   9.5
        D:2 |      38 |       0 |   0.0 |      13 |       0 |   0.0
        D:3 |     104 |       0 |   0.0 |      16 |       0 |   0.0
        D:4 |     260 |       0 |   0.0 |      19 |       0 |   0.0
        D:5 |     506 |     813 |  61.6 |      19 |       2 |   9.5
            +---------+---------+-------+---------+---------+-------

Illustrated notes

Table legend:
 A = Kills in this place as a percentage of kills in entire the game.
 B = Kills by you in this place as a percentage of kills by you in the entire game.
 C = Kills by friends in this place as a percentage of kills by friends in the entire game.
 D = Other kills in this place as a percentage of other kills in the entire game.
 E = Experience gained in this place as a percentage of experience gained in the entire game.
 F = Experience gained in this place divided by the number of levels of this place that you have seen.
                   A       B       C       D       E      F
               +-------+-------+-------+-------+-------+----------------------
         Total | 100.0 | 100.0 | 100.0 |   N/A | 100.0 | 351.4
       Dungeon | 100.0 | 100.0 | 100.0 |   N/A | 100.0 | 351.4
               +-------+-------+-------+-------+-------+----------------------

Table legend: (Time is in decaauts)
 A = Elapsed time spent in this place.
 B = Non-inter-level travel time spent in this place.
 C = Inter-level travel time spent in this place.
 D = Time resting spent in this place.
 E = Time spent auto-exploring this place.
 F = Levels seen in this place.
 G = Mean time per level.
                   A        B        C        D        E       F      G
               +--------+--------+--------+--------+--------+-----+--------+
         Total |   3281 |   3193 |     88 |     30 |   2609 |   5 |  656.2 |
       Dungeon |   3281 |   3193 |     88 |     30 |   2609 |   5 |  656.2 |
               +--------+--------+--------+--------+--------+-----+--------+

Top non-repeatable levels by time:
     D:4: 832 daAuts
     D:5: 636 daAuts
     D:2: 623 daAuts
     D:1: 622 daAuts
     D:3: 566 daAuts
